 Dungeon Crawl Stone Soup version 0.30-a0-778-g2ef04afb54 (webtiles) character file.

Game seed: 3690317325078902743

2845 BubbleThief the Fighter (level 9, -2/75 HPs)
             Began as a Demonspawn Necromancer on Feb 16, 2023.
             Slain by a gnoll bouda
             ... wielding a +0 halberd
              (8 damage)
             ... in a bailey.
             The game lasted 00:15:39 (8510 turns).

BubbleThief the Fighter (Demonspawn Necromancer)    Turns: 8510, Time: 00:15:39

Health: -2/75      AC:  7    Str:  9    XL:     9   Next: 46%
Magic:  10/13      EV: 12    Int: 22    God:
Gold:   259        SH:  4    Dex: 18    Spells: 6/14 levels left

rFire   . . .      SeeInvis .    z - +0 dagger (venom)
rCold   . . .      Faith    .    (no shield)
rNeg    . . .      Spirit   .    a - +0 robe
rPois   .          Reflect  .    (no helmet)
rElec   .          Harm     .    (no cloak)
rCorr   +          Rampage  .    x - +0 pair of gloves
Will    .....                    (no boots)
Stlth   ++                       (no amulet)
HPRegen 0.32/turn                v - +6 ring of intelligence
MPRegen 0.13/turn                (no ring)

@: weakened, animating dead (expiring), studying Summonings
A: yellow scales 3, condensation shield, weakness stinger 1
a: no special abilities


You were in a bailey.
You visited 1 branch of the dungeon, and saw 7 of its levels.
You also visited: Sewer and Bailey.

You collected 259 gold pieces.

Inventory:

Hand Weapons
 u - a +0 rapier
 z - a +0 dagger of venom (weapon)
Missiles
 y - 3 throwing nets
Armour
 a - a +0 robe (worn)
 x - a +0 pair of gloves (worn)
Jewellery
 v - a +6 ring of intelligence (left hand)
Wands
 j - a wand of paralysis (8)
 C - a wand of polymorph (6)
Scrolls
 d - 3 scrolls of blinking {unknown}
 e - 4 scrolls of teleportation {unknown}
 f - a scroll of amnesia {unknown}
 h - 2 scrolls of identify {unknown}
 i - a scroll of noise {unknown}
 k - a scroll of summoning {unknown}
 m - a scroll of acquirement {unknown}
 p - a scroll of silence {unknown}
 r - 3 scrolls of enchant weapon {unknown}
 w - a scroll of magic mapping {unknown}
 A - a scroll of immolation {unknown}
 B - a scroll of fog {unknown}
 D - a scroll of vulnerability {unknown}
Potions
 c - 4 potions of attraction {unknown}
 g - 3 potions of flight {unknown}
 l - 2 potions of haste {unknown}
 n - a potion of cancellation {unknown}
 o - 6 potions of curing {unknown}
 q - a potion of resistance {unknown}
 s - 2 potions of heal wounds {unknown}
 t - 3 potions of lignification {unknown}


   Skills:
 + Level 8.4 Fighting
 + Level 7.7 Short Blades
 - Level 1.7 Dodging
 - Level 1.7 Stealth
 - Level 3.0 Spellcasting
 - Level 6.7 Necromancy


You had 6 spell levels left.
You knew the following spells:

 Your Spells              Type           Power      Damage    Failure   Level
a - Necrotise             Necr           100%       1d9       1%          1
b - Vampiric Draining     Necr           33%        2d8       2%          3
c - Animate Dead          Necr           33%        N/A       8%          4

Your spell library contained the following spells:

 Spells                   Type           Power      Damage    Failure   Level
 Magic Dart               Conj           12%        1d3       12%         1
 Searing Ray              Conj           6%         2d4       19%         2
 Agony                    Necr           33%        N/A       22%         5
 Fulminant Prism          Conj/Hex       1%         3d5       77%         4


Dungeon Overview and Level Annotations

Branches:
Dungeon (7/15)              Sewer (visited)          Bailey (1/1)
 Temple: D:4-7

Altars:
Okawaru


Innate Abilities, Weirdness & Mutations

You are completely covered in yellow scales. (AC +4, rCorr)
A meltable shield of frost defends you. (SH +4)
You have a small tail.


Message History

Your wolf zombie closely misses the gnoll sergeant.
You hit the gnoll sergeant.
The gnoll sergeant looks as sick as possible!
You tail-slap the gnoll sergeant, but do no damage.
The gnoll sergeant is severely wounded.
You kill the gnoll sergeant!
The gnoll sergeant closely misses you.
Okay, then.
Your reaping aura is weakening.
Your wolf zombie bites the gnoll bouda!
The gnoll bouda gazes fiercely through you!
You feel as though you will be weak longer.
Your wolf zombie bites the gnoll bouda.
The gnoll sergeant hits your wolf zombie with a +3 glaive!!
Aiming: Paralyse
Press: ? - help, Shift-Dir - straight line, f - gnoll bouda
Aim: a gnoll bouda, wielding a +0 halberd and wearing a +0 scale mail (heavily wounded, ally target, chance to affect: 49%)
Okay, then.
Okay, then.
Magic courses through your body.
Your wolf zombie bites the gnoll bouda but does no damage.
The gnoll bouda barks out a call to the hunt!
The gnoll picks up the pace!
The gnoll closely misses your wolf zombie.
The gnoll sergeant hits your wolf zombie with a +3 glaive!
Your wolf zombie is destroyed!
The gnoll misses you. You block the gnoll bouda's attack.
The gnoll sergeant hits you from afar with a +3 glaive!
* * * LOW HITPOINT WARNING * * *
Casting: Vampiric Draining (mildly dangerous; 2% risk of failure)
Confirm with . or Enter, or press ? or * to list all spells.
Aiming: Vampiric Draining (mildly dangerous; 2% risk of failure)
Press: ? - help, Shift-Dir - straight line, f - gnoll bouda
Aim: a gnoll bouda, wielding a +0 halberd and wearing a +0 scale mail (heavily wounded)
You draw life force from the gnoll bouda!
You feel life coursing into your body.
The gnoll hits you from afar with a +0 halberd!
* * * LOW HITPOINT WARNING * * *
The gnoll bouda hits you with a +0 halberd!
You die...

♣≈.. ##...## #..≈..
♣≈..##+###.....######..≈..
♣≈......#.......#..)'...).
♣≈.....)'...8...'...'.....
♣≈.....)#.......#...'.....
♣≈..##'###.....######..≈..
♣≈ #.)..##...## + #.)≈.)
#..)..#####...# #.)≈..
#....@gg'.....# #.)≈..
##...).g#.....# #..≈.♣
##.8.).# ..8.###..≈.♣
####### ####...≈≈♣♣
≈≈≈≈≈≈≈≈≈≈♣♣ ♣♣♣♣♣♣♣♣♣♣♣


You could see a gnoll sergeant (swift), a gnoll bouda and a gnoll (swift).

Vanquished Creatures
  Pikel (D:6)
  A water moccasin (D:5)
  An ice beast (D:6)
  2 sky beasts
  A black bear (D:5)
  An ogre (D:4)
  A wolf (Bailey)
  4 lemures (D:6)
  3 kobold brigands
  3 necrophages
  4 gnoll sergeants (Bailey)
  2 scorpions (D:5)
  A howler monkey (D:5)
  5 hounds
  2 orc priests
  2 gnoll boudas
  Natasha (thrice) (D:4)
  An iguana (D:5)
  An orc wizard (D:7)
  17 gnolls
  8 adders
  5 river rats (Sewer)
  A white imp (D:6)
  2 ufetubi
  A worm (D:3)
  3 dart slugs
  17 orcs
  14 ball pythons
  7 bats
  5 endoplasms
  A giant cockroach (D:4)
  7 hobgoblins
  10 jackals
  3 quokkas
  5 frilled lizards
  12 goblins
  10 kobolds
  5 rats
172 creatures vanquished.

Vanquished Creatures (collateral kills)
  A necrophage (D:7)
  A gnoll bouda (Bailey)
  2 gnolls (Bailey)
  2 orcs
  An endoplasm (D:1)
  A hobgoblin (D:4)
  A jackal (D:1)
  A frilled lizard (Sewer)
10 creatures vanquished.

Vanquished Creatures (others)
  A wolf zombie (Bailey)
  An orc wizard (D:7)
  An orc zombie (D:7)
  A plant (D:4)
4 creatures vanquished.

Grand Total: 186 creatures vanquished

Notes
Turn   | Place    | Note
-------+----------+-------------------------------------------
     0 | D:1      | BubbleThief the Demonspawn Necromancer began the quest for
                  | the Orb.
     0 | D:1      | Reached XP level 1. HP: 13/13 MP: 3/3
    49 | D:1      | You fall into a shaft and drop 1 floor!
   272 | D:1      | Gained mutation: You are partially covered in yellow
                  | scales. (AC +2) [demonic ancestry]
   272 | D:1      | Reached XP level 2. HP: 19/19 MP: 0/5
   507 | D:1      | Reached skill level 5 in Necromancy
   826 | D:2      | Reached XP level 3. HP: 24/24 MP: 0/6
  1148 | D:2      | Found an iron altar of Okawaru.
  2258 | D:3      | Found a glowing drain.
  2278 | D:3      | Gained mutation: You have a small tail. [demonic ancestry]
  2278 | D:3      | Reached XP level 4. HP: 30/30 MP: 1/8
  2303 | Sewer    | Entered a sewer
  2634 | Sewer    | Noticed a kobold brigand
  2644 | Sewer    | Killed a kobold brigand
  2645 | Sewer    | Reached skill level 1 in Fighting
  2645 | Sewer    | Reached skill level 1 in Short Blades
  2645 | Sewer    | Reached XP level 5. HP: 37/37 MP: 0/9
  2766 | Sewer    | Gained mutation: You are mostly covered in yellow scales.
                  | (AC +3) [demonic ancestry]
  2766 | Sewer    | Reached XP level 6. HP: 15/44 MP: 1/10
  3613 | D:3      | Reached skill level 2 in Fighting
  3657 | D:3      | Learned a level 3 spell: Vampiric Draining
  3662 | D:3      | Learned a level 4 spell: Animate Dead
  4168 | D:4      | Noticed Natasha
  4175 | D:4      | Killed Natasha
  4330 | D:4      | Reached skill level 3 in Fighting
  4473 | D:4      | Gained mutation: You are completely covered in yellow
                  | scales. (AC +4, rCorr) [demonic ancestry]
  4473 | D:4      | Reached XP level 7. HP: 49/51 MP: 6/11
  4621 | D:4      | Noticed Natasha
  4626 | D:4      | Killed Natasha
  4627 | D:4      | Noticed a yak
  5015 | D:4      | Noticed Natasha
  5018 | D:4      | Killed Natasha
  5019 | D:4      | Reached skill level 4 in Fighting
  5549 | D:5      | Entered Level 5 of the Dungeon
  5714 | D:5      | Reached skill level 5 in Fighting
  5755 | D:5      | Gained mutation: A meltable shield of frost defends you.
                  | (SH +4) [demonic ancestry]
  5755 | D:5      | Reached XP level 8. HP: 55/62 MP: 2/12
  6001 | D:5      | Reached skill level 5 in Short Blades
  6461 | D:6      | Reached skill level 6 in Fighting
  7211 | D:6      | Noticed Pikel
  7222 | D:6      | Killed Pikel
  7223 | D:6      | Reached skill level 7 in Fighting
  7381 | D:6      | Reached XP level 9. HP: 63/72 MP: 6/13
  7563 | D:6      | Noticed an angel
  7918 | D:7      | Found a flagged portal.
  7929 | Bailey   | Entered a bailey
  8089 | Bailey   | Reached skill level 8 in Fighting
  8510 | Bailey   | Slain by a gnoll bouda

Illustrated notes

Levels and vault maps discovered:
D:1:      ncdulo_smallfort, layout_rooms, serial_rivers,
          chequers_serial_rivers_micro_b, chequers_serial_rivers_small_a,
          chequers_serial_rivers_marsh, chequers_serial_rivers_micro_b,
          chequers_serial_rivers_micro_b, chequers_serial_rivers_micro_a
D:2:      minmay_door_path, layout_basic, basic_altar, minmay_bisected
D:3:      layout_loops_ring, cheibrodos_sewer_entry_drain
D:4:      corexii_shack_village, layout_basic, minmay_manual_monstrance,
          uniq_natasha
D:5:      layout_gridville
D:6:      layout_loops_cross, zin_angel, uniq_pikel
D:7:      layout_basic, minmay_temple_entry_large_hall, enter_bailey_3,
          minmay_misc_feat_rugged
Bailey:   bailey_polearm_gnolls_kennysheep, bailey

Skill      XL: |  1  2  3  4  5  6  7  8  9 |
---------------+----------------------------+-----
Necromancy     | 5 6 |  6.7
Spellcasting   | 3 |  3.0
Fighting       | 1 3 5 7 8 |  8.4
Short Blades   | 1 3 4 6 7 |  7.7
Dodging        | |  1.7
Stealth        | |  1.7

Action                     |  1- 3 |  4- 6 |  7- 9 || total
---------------------------+-------+-------+-------++-------
  Melee: Unarmed           |    14 |       |       ||    14
         Dagger            |       |    27 |   265 ||   292
         Tailslap          |       |     3 |    52 ||    55
         Punch             |       |       |     3 ||     3
   Cast: Necrotise         |    81 |    89 |   161 ||   331
         Vampiric Draining |       |     2 |    24 ||    26
         Animate Dead      |       |       |     2 ||     2
    Use: Potion            |       |       |     1 ||     1
   Stab: Sleeping          |       |     1 |     3 ||     4
 Armour: Robe              |    14 |     8 |   105 ||   127
  Dodge: Dodged            |    27 |    22 |   168 ||   217
  Block: Other             |       |       |    39 ||    39

Table legend: (Time is in decaauts)
 A = Elapsed time spent in this place.
 B = Non-inter-level travel time spent in this place.
 C = Inter-level travel time spent in this place.
 D = Time resting spent in this place.
 E = Time spent auto-exploring this place.
 F = Levels seen in this place.
 G = Mean time per level.
                   A        B        C        D        E       F      G
               +--------+--------+--------+--------+--------+-----+--------+
         Total |   8574 |   8439 |    135 |    297 |   6676 |   9 |  952.7 |
       Dungeon |   6966 |   6831 |    135 |    188 |   5568 |   7 |  995.1 |
         Sewer |   1035 |   1035 |      0 |      0 |    873 |   1 | 1035.0 |
        Bailey |    572 |    572 |      0 |    109 |    234 |   1 |  572.0 |
               +--------+--------+--------+--------+--------+-----+--------+

Top non-repeatable levels by time:
     D:4: 1513 daAuts
     D:6: 1244 daAuts
     D:2: 1234 daAuts
   Sewer: 1035 daAuts
     D:1: 977 daAuts
     D:3: 926 daAuts
     D:5: 820 daAuts
  Bailey: 572 daAuts
     D:7: 250 daAuts
